 Dungeon Sprint DCSS version 0.19.4-8-ga85b6b9 (webtiles) character file.

900000 protoss039 the Ninja (level 14, -10/83 HPs)
             Began as an Octopode Enchanter on Feb 13, 2017.
             Was a Follower of Makhleb.
             Mangled by a meat berserker
             ... wielding a +9 battleaxe
              (71 damage)
             ... in the Dungeon (Sprint VIII: "Arena of Blood").
             The game lasted 00:00:30 (9 turns).

protoss039 the Ninja (Octopode Enchanter)              Turns: 9, Time: 00:00:41

Health: -10/83     AC:  1    Str: 12    XL:     14   Next: 66%
Magic:  4/32       EV: 21    Int: 18    God:    Makhleb [*.....]
Gold:   0          SH:  0    Dex: 12    Spells: 1 memorised, 41 levels left

rFire  . . .     SeeInvis .     j - +∞ Axe of Woe
rCold  . . .     Gourm    .     (shield currently unavailable)
rNeg   . . .     Faith    .     (helmet restricted)
rPois  .         Spirit   .     (no amulet)
rElec  .         Reflect  .     (no ring)
rCorr  .         Harm     .     (no ring)
MR     +....     NoTele   +     (no ring)
Stlth  +++++++++.               (no ring)
                                (no ring)
                                (no ring)
                                (no ring)
                                (no ring)

@: no status effects
A: almost no armour, stealthy swim, amphibious, 8 rings, constrict 8, camouflage
1, gelatinous body 1
a: Renounce Religion


You were in the Dungeon.
You worshipped Makhleb.
Makhleb was aware of your devotion.
You were not hungry.

You visited 1 branch

Inventory:

Hand Weapons
 a - a +1 dagger
 j - the +∞ Axe of Woe (weapon)
   (You found it in the Dungeon)
Scrolls
 i - a scroll of blinking
Potions
 d - a potion of curing
 e - a potion of heal wounds
 f - a potion of haste
 g - 2 potions of magic
 h - a potion of berserk rage
Books
 b - a book of Maledictions

   Spells                             Type                      Level
   a - Corona                         Hexes                        1
   b - Ensorcelled Hibernation        Hexes/Ice                    2
   c - Confuse                        Hexes                        3
   d - Tukima's Dance                 Hexes                        3
   e - Dazzling Spray                 Conjuration/Hexes            3
Comestibles
 c - a bread ration


   Skills:
 + Level 3.2 Fighting
 + Level 1.0 Short Blades
 + Level 8.8 Axes
 + Level 13.4 Dodging
 O Level 27 Stealth
 + Level 14.7 Spellcasting
 + Level 23.5 Hexes


You had 41 spell levels left.
You knew the following spells:

 Your Spells              Type           Power        Failure   Level  Hunger
a - Corona                Hex            #######      0%          1    None


Dungeon Overview and Level Annotations

Branches:
Dungeon (1/1)

Altars:
Makhleb


Innate Abilities, Weirdness & Mutations

You cannot wear most types of armour.
You are very stealthy in the water. (Stealth+)
You are amphibious.
You can wear up to eight rings at the same time.
You can use your tentacles to constrict eight enemies at once.
Your skin changes colour to match your surroundings (Stealth+).
Your rubbery body absorbs attacks. (AC +1, EV +1)


Message History

Makhleb accepts your kill.
You can now gain health from killing.
Your Axes skill increases to level 7!
Your Dodging skill increases to level 12!
Your Stealth skill gained 2 levels and is now at level 26!
Your Spellcasting skill increases to level 13!
Your Hexes skill gained 2 levels and is now at level 22!
You have reached level 14!
You hit the bag of meat.
You pulverise the bag of meat into a thin bloody mist.
You kill the bag of meat!
Makhleb accepts your kill.
Your Axes skill increases to level 8!
Your Dodging skill increases to level 13!
You have mastered Stealth!
Your Spellcasting skill increases to level 14!
Your Hexes skill increases to level 23!
You hear a shout! x5
The meat berserker hits you with a +9 battleaxe!!!
Ouch! That really hurt!
You die...

.....o ..... ..
#.... .# .. #...
..# ...###..o
..###.
........###......
#......)._......
#@)...# #O.<._#
#.....#
....._......
.....o###......
.o###.O. ..###. .
#... ..# #... .#
..... ..


You could see 2 meat berserkers and 3 bags of meat.

Vanquished Creatures
  An ogre (D)
  2 orcs (D)
3 creatures vanquished.

Notes
Turn   | Place    | Note
-------+----------+-------------------------------------------
     0 | D        | protoss039 the Octopode Enchanter began the quest for the Orb.
     0 | D        | Reached XP level 1. HP: 11/11 MP: 3/3
     2 | D        | Noticed a bag of meat
     3 | D        | Noticed a bag of meat
     3 | D        | Became a worshipper of Makhleb the Destroyer
     4 | D        | Noticed a meat berserker
     6 | D        | Noticed a bag of meat
     7 | D        | Killed a meat berserker
     7 | D        | Reached skill level 24 in Stealth
     7 | D        | Reached XP level 2. HP: 21/21 MP: 3/15
     7 | D        | Reached XP level 3. HP: 26/26 MP: 3/17
     7 | D        | Reached XP level 4. HP: 31/31 MP: 3/18
     7 | D        | Reached XP level 5. HP: 36/36 MP: 3/20
     7 | D        | Reached XP level 6. HP: 42/42 MP: 3/21
     7 | D        | Reached XP level 7. HP: 46/46 MP: 3/23
     7 | D        | Reached XP level 8. HP: 52/52 MP: 3/24
     7 | D        | Reached XP level 9. HP: 57/57 MP: 3/25
     7 | D        | Reached XP level 10. HP: 63/63 MP: 3/26
     7 | D        | Reached XP level 11. HP: 67/67 MP: 3/27
     7 | D        | Reached XP level 12. HP: 72/72 MP: 3/28
     7 | D        | Reached XP level 13. HP: 77/77 MP: 3/29
     8 | D        | Noticed a bag of meat
     8 | D        | Noticed a bag of meat
     8 | D        | Noticed a meat berserker
     8 | D        | Noticed a meat berserker
     9 | D        | Noticed a bag of meat
     9 | D        | Killed a bag of meat
     9 | D        | Reached * piety under Makhleb
     9 | D        | Reached skill level 26 in Stealth
     9 | D        | Reached XP level 14. HP: 61/83 MP: 3/31
     9 | D        | Killed a bag of meat
     9 | D        | Reached skill level 27 in Stealth
     9 | D        | Mangled by a meat berserker

Skill      XL: |  1  2  3  4  5  6  7  8  9 10 11 12 13 14 |
---------------+-------------------------------------------+-----
Fighting       | 3 |  3.2
Axes           | 6 7 8 |  8.8
Dodging        | 11 12 13 | 13.4
Stealth        | 24 26 27 | 27.0
Spellcasting   | 12 13 14 | 14.7
Hexes          | 20 22 23 | 23.5
Short Blades   | |  1.0

Action                   |  1- 3 |  4- 6 |  7- 9 | 10-12 | 13-15 || total
-------------------------+-------+-------+-------+-------+-------++-------
Melee: Executioner's axe |     1 |       |       |       |     1 ||     2
